 Dungeon Crawl Stone Soup version 0.24.0-13-gcf9b319 (webtiles) character file.

Game seed: 1955052145132575397, levelgen mode: deterministic

8786 severen the Grappler (level 11, -2/78 HPs)
             Began as an Octopode Wanderer on Dec 3, 2019.
             Was an Elder of Okawaru.
             Slain by a wolf (11 damage)
             ... on level 2 of the Lair of Beasts.
             The game lasted 01:04:11 (11034 turns).

severen the Grappler (Octopode Wanderer)           Turns: 11034, Time: 01:04:12

Health: -2/78      AC:  1    Str: 17    XL:     11   Next: 36%
Magic:  14/14      EV: 22    Int: 14    God:    Okawaru [****..]
Gold:   252        SH:  0    Dex: 13    Spells: 10/14 levels left

rFire    . . .     SeeInvis +     - Unarmed
rCold    . . .     Gourm    .   (no shield)
rNeg     . . .     Faith    .   (helmet restricted)
rPois    .         Spirit   .   (no amulet)
rElec    .         Reflect  .   l - ring of see invisible
rCorr    .         Harm     .   b - +3 ring of strength
MR       +....                  s - ring of protection from magic
Stlth    ++++......             B - +4 ring of evasion
HPRegen  0.23/turn              (no ring)
MPRegen  0.14/turn              (no ring)
                                (no ring)
                                (no ring)

@: no status effects
A: almost no armour, stealthy swim, amphibious, 8 rings, constrict 8, camouflage
1, gelatinous body 1
a: Heroism, Renounce Religion


You were on level 2 of the Lair of Beasts.
You worshipped Okawaru.
Okawaru was greatly pleased with you.
You were not hungry.

You visited 3 branches of the dungeon, and saw 11 of its levels.

You collected 580 gold pieces.
You spent 328 gold pieces at shops.

Inventory:

Hand Weapons
 e - a +1 dagger
Missiles
 h - 299 stones
 m - 3 boomerangs (quivered)
 n - 63 poisoned darts
 t - 4 throwing nets
 A - 2 javelins
 D - 5 curare-tipped darts
 F - 7 datura-tipped darts
Jewellery
 b - a +3 ring of strength (right tentacle)
 l - a ring of see invisible (left tentacle)
 s - a ring of protection from magic (on tentacle)
 y - an uncursed ring of fire
 B - a +4 ring of evasion (on tentacle)
Wands
 o - a wand of iceblast (13)
 w - a wand of paralysis (5)
Scrolls
 a - 3 scrolls of fear
 i - 4 scrolls of amnesia
 q - 4 scrolls of immolation
 u - 2 scrolls of remove curse
 v - 3 scrolls of identify
 z - a scroll of enchant armour
Potions
 c - 5 potions of curing
 d - a potion of resistance
 g - a potion of magic
 j - a potion of agility
 k - 4 potions of mutation
 r - a potion of might
 x - 2 potions of brilliance
Miscellaneous
 E - a box of beasts
Comestibles
 f - 8 rations


   Skills:
 + Level 8.6 Fighting
 + Level 5.2 Throwing
 + Level 8.3 Dodging
 - Level 4.4 Stealth
 + Level 10.4 Unarmed Combat
 - Level 2.0 Spellcasting
   Level 2.0 Translocations
 - Level 3.0 Earth Magic
   Level 1.2 Poison Magic
 + Level 3.1 Invocations
 - Level 2.1 Evocations


You had 10 spell levels left.
You knew the following spells:

 Your Spells              Type           Power        Failure   Level  Hunger
a - Sandblast             Erth           #.....       7%          1    ##.....
b - Regeneration          Chrm/Necr      #.........   56%         3    ####...

Your spell library contained the following spells:

 Spells                   Type           Power        Failure   Level  Hunger
 Passwall                 Tmut/Erth      #.......     19%         2    ###....
 Infusion                 Chrm           #...         24%         1    ##.....
 Magic Dart               Conj           #...         24%         1    ##.....
 Shroud of Golubria       Chrm/Tloc      #.....       24%         2    ###....
 Poisonous Vapours        Pois/Air       #.....       28%         2    ###....
 Searing Ray              Conj           #.....       34%         2    ###....
 Song of Slaying          Chrm           #.......     34%         2    ###....
 Swiftness                Chrm/Air       #.......     34%         2    ###....
 Stone Arrow              Conj/Erth      #.....       36%         3    ####...
 Dazzling Spray           Conj/Hex       #.....       56%         3    ####...
 Spectral Weapon          Hex/Chrm       #.......     56%         3    ####...
 Petrify                  Tmut/Erth      #.......     77%         4    #####..
 Force Lance              Conj/Tloc      #.......     83%         4    #####..
 Lee's Rapid Deconstruct  Erth           #.........   88%         5    ######.
 Fulminant Prism          Conj/Hex       #.........   93%         4    #####..
 Iskenderun's Mystic Bla  Conj           #.......     93%         4    #####..


Dungeon Overview and Level Annotations

Branches:
Dungeon (8/15)             Temple (1/1) D:7            Lair (2/6) D:8
  Swamp: Lair:2-4    Shoals: Lair:2-4     Snake: Lair:2-4    Spider: Lair:2-4

Altars:
Ashenzari
Cheibriados
Dithmenos
Elyvilon
Fedhas
Gozag
Hepliaklqana
Kikubaaqudgha
Makhleb
Nemelex Xobeh
Okawaru
Qazlal
Ru
Sif Muna
Trog
Uskayaw
Vehumet
Wu Jian
Xom
Yredelemnul
Zin
The Shining One

Shops:
D:4 ==!%   D:8 *

Annotations:
D:6 exclusions: orc warrior and orc wizard
Lair:2 Gastronok


Innate Abilities, Weirdness & Mutations

You cannot wear most types of armour.
You are very stealthy in the water. (Stealth+)
You are amphibious.
You can wear up to eight rings at the same time.
You can use your tentacles to constrict eight enemies at once.
Your skin changes colour to match your surroundings (Stealth+).
Your rubbery body absorbs attacks. (AC +1, EV +1)


Message History

The wolf closely misses you. The wolf bites you! The wolf misses you. x2
You tentacle-slap the wolf but do no damage.
You grab the wolf. You squeeze the wolf.
The wolf is lightly wounded.
You constrict the wolf. The wolf completely misses you.
The wolf barely misses you. The wolf bites you! The wolf barely misses you.
The wolf bites you!
You bludgeon the wolf!
The wolf is almost dead.
You constrict the wolf. The wolf bites you. The wolf bites you!
* * * LOW HITPOINT WARNING * * *
The wolf closely misses you. x2
You bludgeon the wolf!
You kill the wolf!
Okawaru accepts your kill. The wolf completely misses you. The wolf bites you!
* * * LOW HITPOINT WARNING * * *
The wolf misses you. The wolf closely misses you. The wolf bites you!
You die...

##.........
#......>... .
####...h...... .
#.....###.###h #
##...### ## #
###.†#.# ####. #
#.....## #.#...
##....hh# #......
##....##@##......
. #....####.....#
.. #P....###....##
..
##.).#.#......####
P.
##..###.......P..
.P
#####P...##.....
## ##...# #.... #
##...# #..# #.
#P...# .t# ##


You could see 2 wolves.

Vanquished Creatures
  2 spiny frogs (Lair:2)
  A komodo dragon (Lair:1)
  Prince Ribbit (Lair:1)
  3 hippogriffs
  3 blink frogs (Lair:2)
  A wyvern (D:8)
  Eustachio (D:4)
  13 yaks
  A basilisk (Lair:1)
  2 hungry ghosts (D:7)
  Menkaure (D:4)
  A water moccasin (Lair:1)
  A black bear (D:5)
  An ice beast (D:8)
  2 orc warriors
  3 phantoms
  2 wolves (Lair:2)
  4 ogres
  8 crocodiles
  2 centaurs
  2 big kobolds
  3 bullfrogs
  A wyvern skeleton (D:8)
  2 scorpions
  3 wights (D:8)
  A howler monkey (D:8)
  7 crimson imps
  A bullfrog zombie (D:7)
  4 jellies
  6 orc priests
  5 hounds
  8 orc wizards
  Ijyb (D:3)
  4 worker ants
  A killer bee zombie (D:7)
  3 gnolls (D:7)
  9 adders
  7 river rats (D:6)
  3 adder skeletons
  2 worms
  3 dart slugs
  3 leopard geckos
  25 orcs
  2 ball pythons
  5 bats
  5 giant cockroaches
  7 goblins
  10 hobgoblins
  5 jackals
  17 kobolds
  7 quokkas
  8 frilled lizards
  22 rats
245 creatures vanquished.

Vanquished Creatures (others)
  A worker ant (D:4)
  2 orcs (D:4)
  A quokka (D:4)
  2 fungi
  2 plants
8 creatures vanquished.

Grand Total: 253 creatures vanquished

Notes
Turn   | Place    | Note
-------+----------+-------------------------------------------
     0 | D:1      | severen the Octopode Wanderer began the quest for the Orb.
     0 | D:1      | severen set off with the following items: a +0 club, a
                  | potion of curing, a +0 dagger, a ration; and the following
                  | spell memorised: Sandblast; and the following spells
                  | available to memorise: Passwall, Poisonous Vapours,
                  | Swiftness, Stone Arrow, Petrify, Lee's Rapid Deconstruction
     0 | D:1      | Reached XP level 1. HP: 11/11 MP: 3/3
     7 | D:1      | Noticed a wyvern
     7 | D:1      | Noticed a black bear
     7 | D:1      | Noticed a lindwurm
     7 | D:1      | Noticed a hound
   101 | D:1      | Reached skill level 1 in Unarmed Combat
   192 | D:1      | Reached XP level 2. HP: 11/17 MP: 5/5
   424 | D:1      | Reached skill level 2 in Unarmed Combat
   594 | D:1      | You fall into a shaft and drop 1 floor!
   603 | D:2      | Reached XP level 3. HP: 21/21 MP: 4/6
   623 | D:2      | Reached skill level 3 in Unarmed Combat
   786 | D:1      | Reached XP level 4. HP: 22/27 MP: 7/7
  1333 | D:3      | Reached skill level 4 in Unarmed Combat
  1342 | D:3      | Reached skill level 1 in Throwing
  1342 | D:3      | Reached XP level 5. HP: 24/31 MP: 8/8
  1626 | D:3      | Noticed Ijyb
  1636 | D:3      | Killed Ijyb
  1933 | D:4      | Found Liontot's Food Shoppe.
  2003 | D:4      | Found Itsammax's Distillery.
  2026 | D:4      | Reached skill level 1 in Fighting
  2026 | D:4      | Reached skill level 5 in Unarmed Combat
  2037 | D:4      | Found a sacrificial altar of Ru.
  2270 | D:4      | Reached XP level 6. HP: 34/38 MP: 9/9
  2274 | D:4      | Found a shimmering altar of Xom.
  2285 | D:4      | Noticed Eustachio
  2375 | D:4      | Found Rarr's Jewellery Emporium.
  2383 | D:4      | Bought a +3 ring of strength for 188 gold pieces
  2806 | D:4      | Found Efoigeja's Jewellery Shoppe.
  2818 | D:4      | Noticed Menkaure
  3174 | D:4      | Killed Eustachio
  3174 | D:4      | Reached skill level 6 in Unarmed Combat
  3174 | D:4      | Reached XP level 7. HP: 30/45 MP: 10/10
  3229 | D:4      | Killed Menkaure
  3391 | D:5      | Entered Level 5 of the Dungeon
  3527 | D:5      | Reached skill level 7 in Unarmed Combat
  3830 | D:5      | Reached XP level 8. HP: 54/54 MP: 8/11
  4630 | D:6      | Reached skill level 8 in Unarmed Combat
  4652 | D:6      | Found the +2 pair of boots of the Assassin {Detection Stab+
                  | Stlth++}
  5243 | D:6      | Reached skill level 1 in Dodging
  5299 | D:6      | Reached skill level 5 in Fighting
  5338 | D:6      | Reached skill level 9 in Unarmed Combat
  5457 | D:6      | Reached XP level 9. HP: 53/61 MP: 12/12
  5753 | D:7      | Reached skill level 1 in Evocations
  6262 | D:7      | Found a staircase to the Ecumenical Temple.
  6271 | Temple   | Entered the Ecumenical Temple
  6365 | Temple   | Became a worshipper of Warmaster Okawaru
  6563 | D:7      | Reached skill level 1 in Invocations
  7135 | D:8      | Found Listebeuc's Assorted Antiques.
  7141 | D:8      | Bought a glowing moonstone ring for 140 gold pieces
  7173 | D:8      | Reached * piety under Okawaru
  7213 | D:8      | Reached skill level 5 in Dodging
  7213 | D:8      | Reached XP level 10. HP: 25/71 MP: 11/13
  7970 | D:8      | Reached ** piety under Okawaru
  8055 | D:8      | Found a staircase to the Lair.
  8583 | Lair:1   | Entered Level 1 of the Lair of Beasts
  9248 | Lair:1   | Reached *** piety under Okawaru
  9269 | Lair:1   | Reached skill level 10 in Unarmed Combat
  9498 | Lair:1   | Received a gift from Okawaru
  9498 | Lair:1   | Reached XP level 11. HP: 70/77 MP: 11/14
 10124 | Lair:2   | Noticed Gastronok
 10245 | Lair:2   | Learned a level 3 spell: Regeneration
 10252 | Lair:2   | Noticed Prince Ribbit
 10620 | Lair:1   | Killed Prince Ribbit
 10624 | Lair:2   | Reached skill level 5 in Throwing
 10630 | Lair:2   | Reached **** piety under Okawaru
 11034 | Lair:2   | Slain by a wolf

Levels and vault maps discovered:
D:1:      onia_arrival_zoo_common, layout_rooms
D:2:      layout_rooms
D:3:      layout_basic, uniq_ijyb
D:4:      layout_layer_cave, xom_confusion_cloud, first_ration, serial_shops,
          shop, nicolae_shop_crystal, shop, nicolae_shop_statue_plus,
          kennysheep_small_spiral, lemuel_altar_in_water, uniq_eustachio,
          uniq_menkaure
D:5:      layout_layer_cave
D:6:      lemuel_ratsnest, layout_basic
D:7:      layout_basic, minmay_temple_entry_overgrown
D:8:      layout_basic, dpeg_oklobed_lair, serial_shops, nicolae_shop_trees
Temple:   compressed_dpeg_triangle_lava_temple
Lair:1:   layout_roguey
Lair:2:   layout_concentric_octagons, fungi_pond_lemuel, grunt_megastairs_2,
          uniq_gastronok, uniq_prince_ribbit2

Skill      XL: |  1  2  3  4  5  6  7  8  9 10 11 |
---------------+----------------------------------+-----
Unarmed Combat | 1 2 3 4 5 6 7 9 10 | 10.4
Throwing       | 1 2 4 5 |  5.2
Fighting       | 1 2 3 5 7 8 |  8.6
Dodging        | 2 5 7 8 |  8.3
Evocations     | 2 |  2.1
Invocations    | 2 3 |  3.1
Stealth        | 4 |  4.4
Spellcasting   | |  2.0
Translocations | |  2.0
Earth Magic    | |  3.0
Poison Magic   | |  1.2

Action                   |  1- 3 |  4- 6 |  7- 9 | 10-12 || total
-------------------------+-------+-------+-------+-------++-------
Melee: Unarmed           |    62 |   122 |   274 |   217 ||   675
       Constrict         |    20 |    35 |    55 |    23 ||   133
       Tentacles         |    16 |    20 |    53 |    52 ||   141
       Punch             |     2 |     2 |    20 |    18 ||    42
Throw: Dart              |       |     4 |    48 |     4 ||    56
       Boomerang         |       |       |     8 |    75 ||    83
 Cast: Sandblast         |     2 |     3 |    16 |       ||    21
Invok: Heroism           |       |       |     1 |     4 ||     5
  Use: Scroll            |     6 |     6 |     6 |     3 ||    21
       Potion            |       |     1 |     5 |     1 ||     7
 Stab: Sleeping          |     3 |     8 |     9 |     3 ||    23
       Distracted        |     1 |       |     1 |       ||     2
  Eat: Chunk             |       |     6 |    14 |    10 ||    30
       Ration            |       |       |     2 |     1 ||     3
Armor: Skin              |     4 |     5 |     4 |     8 ||    21
Dodge: Dodged            |    34 |    55 |    97 |   156 ||   342
